SAA
ATHLETIC CLUB KC ACADEMY @ SAN BERNARDINO GRASSHOPPERS
05/08/2021
 
TOP OF THE 1ST
Athletic Club KC Academy batting - Pitching for San Bernardino Grasshoppers : LHP Harvey Richards
Pitching: LHP Harvey Richards
Batting: SHB António Montés 0-0: Ball
1-0: Called Strike
1-1: SINGLE (Flyball, 8LS)
Batting: RHB John Williams 0-0: Called Strike
0-1: Called Strike
0-2: Ball
1-2: Strikes out swinging
Batting: RHB Jason Dunn 0-0: Ball
1-0: SINGLE (Line Drive, 9S)
António Montés to second
Runner from 2nd tries for 3rd, SAFE, no throw or cutoff
Batting: LHB Greg Robinson 0-0: Called Strike
0-1: Ball
1-1: Ball
2-1: Swinging Strike
2-2: Ball
3-2: Foul Ball, location: 2F
3-2: Base on Balls
Jason Dunn to second
Batting: RHB Jorge Rodríguez 0-0: Ball
1-0: Called Strike
1-1: Swinging Strike
1-2: Ball
2-2: Fly out, F8 (Flyball, 8LD)
Runner from 3rd tags up, SCORES, no throw
Batting: RHB Glenn Woods 0-0: Swinging Strike
0-1: Ball
1-1: Ball
2-1: Ball
3-1: Foul Ball, location: 2F
3-2: Fly out, F3 (Popup, 9LM)
Top of the 1st over - 1 run(s), 2 hit(s), 0 error(s), 2 left on base; Athletic Club KC Academy 1 - San Bernardino 0
BOTTOM OF THE 1ST
San Bernardino Grasshoppers batting - Pitching for Athletic Club KC Academy : RHP Severiano Duclos
Pitching: RHP Severiano Duclos
Batting: RHB Alfonso Enríquez 0-0: Called Strike
0-1: Foul Ball, location: 2F
0-2: Foul Ball, location: 2F
0-2: Ball
1-2: Fly out, F6 (Popup, 6)
Batting: LHB Nari Corelli 0-0: Fly out, F7 (Popup, 6D)
Batting: RHB Tom Christensen 0-0: Ball
1-0: Ball
2-0: Ball
3-0: Called Strike
3-1: Called Strike
3-2: Strikes out looking
Bottom of the 1st over - 0 run(s), 0 hit(s), 0 error(s), 0 left on base; Athletic Club KC Academy 1 - San Bernardino 0
TOP OF THE 2ND
Athletic Club KC Academy batting - Pitching for San Bernardino Grasshoppers : LHP Harvey Richards
Batting: SHB Don Holmes 0-0: Ball
1-0: Ball
2-0: Foul Ball, location: 2F
2-1: Ball
3-1: Base on Balls
Batting: RHB Mike Lovell 0-0: Ball
1-0: Foul Ball, location: 2F
1-1: Grounds into double play, 5-4-3 (Groundball, 5)
Batting: RHB Bob Curry 0-0: Foul Ball, location: 2F
0-1: Foul Ball, location: 2F
0-2: Foul Ball, location: 2F
0-2: Ground out 6-3 (Groundball, 6)
Top of the 2nd over - 0 run(s), 0 hit(s), 0 error(s), 0 left on base; Athletic Club KC Academy 1 - San Bernardino 0
BOTTOM OF THE 2ND
San Bernardino Grasshoppers batting - Pitching for Athletic Club KC Academy : RHP Severiano Duclos
Batting: RHB Andrew Floyd 0-0: Swinging Strike
0-1: SINGLE (Groundball, 6MD)
Batting: RHB Cal Robinson 0-0: SINGLE (Flyball, 9LS)
Andrew Floyd to second
Runner from 2nd tries for 3rd, SAFE, no throw or cutoff
Batting: RHB Dale O'Sullivan 0-0: Ball
1-0: Ball
2-0: Fly out, F4 (Popup, 34D)
Batting: RHB Frank Collins 0-0: Ball
1-0: Ball
2-0: Called Strike
2-1: Ball
3-1: Base on Balls
Cal Robinson to second
Batting: RHB Justin Roberts 0-0: Foul Ball, location: 2F
0-1: Ball
1-1: Ball
2-1: Foul Ball, location: 2F
2-2: Ball
3-2: Foul Ball, location: 2F
3-2: Grounds into double play, 2-6-3 (Groundball, 2R)
Bottom of the 2nd over - 0 run(s), 2 hit(s), 0 error(s), 2 left on base; Athletic Club KC Academy 1 - San Bernardino 0
TOP OF THE 3RD
Athletic Club KC Academy batting - Pitching for San Bernardino Grasshoppers : LHP Harvey Richards
Batting: SHB António Montés 0-0: Ball
1-0: Ball
2-0: Ball
3-0: Called Strike
3-1: Base on Balls
Batting: RHB John Williams 0-0: Ball
1-0: Ball
2-0: Fly out, F7 (Line Drive, 7M)
Batting: RHB Jason Dunn 0-0: Ball
António Montés is caught stealing 2nd base
1-0: Ball
2-0: Ball
3-0: Called Strike
3-1: Swinging Strike
3-2: Base on Balls
Batting: LHB Greg Robinson 0-0: Foul Ball, location: 2F
0-1: Ball
1-1: Ball
2-1: Ball
3-1: Ground out 1-3 (Groundball, 23)
Top of the 3rd over - 0 run(s), 0 hit(s), 0 error(s), 1 left on base; Athletic Club KC Academy 1 - San Bernardino 0
BOTTOM OF THE 3RD
San Bernardino Grasshoppers batting - Pitching for Athletic Club KC Academy : RHP Severiano Duclos
Batting: SHB Bernardo Hernández 0-0: Called Strike
0-1: Ball
1-1: Ball
2-1: Ground out 1-3 (Groundball, 2L)
Batting: RHB Alfonso Enríquez 0-0: Fly out, F8 (Flyball, 78S)
Batting: LHB Nari Corelli 0-0: SINGLE (Groundball, 25) (infield hit)
Batting: RHB Tom Christensen 0-0: Called Strike
0-1: Fielders Choice at 2nd, U4 (Groundball, 4M)
Bottom of the 3rd over - 0 run(s), 1 hit(s), 0 error(s), 1 left on base; Athletic Club KC Academy 1 - San Bernardino 0
TOP OF THE 4TH
Athletic Club KC Academy batting - Pitching for San Bernardino Grasshoppers : LHP Harvey Richards
Batting: RHB Jorge Rodríguez 0-0: Swinging Strike
0-1: Called Strike
0-2: Ball
1-2: Fly out, F8 (Flyball, 8LD)
Batting: RHB Glenn Woods 0-0: Ball
1-0: Swinging Strike
1-1: Ball
2-1: Foul Ball, location: 2F
2-2: Ball
3-2: DOUBLE (Line Drive, 7D)
Batting: SHB Don Holmes 0-0: Called Strike
0-1: Foul Ball, location: 2F
0-2: Ball
1-2: Foul Ball, location: 2F
1-2: Ball
2-2: Foul Ball, location: 2F
2-2: Ball
3-2: Base on Balls
Batting: RHB Mike Lovell 0-0: Called Strike
0-1: Foul Ball, location: 2F
0-2: Foul Ball, location: 2F
0-2: SINGLE (Flyball, 9S)
Glenn Woods to third
Don Holmes to second
Batting: RHB Bob Curry 0-0: Ball
1-0: Called Strike
1-1: Fly out, F9 (Flyball, 9LM)
Runner from 3rd tags up, SCORES, throw made
Batting: SHB António Montés 0-0: Swinging Strike
0-1: TRIPLE (Line Drive, 89M)
Don Holmes scores
Mike Lovell scores
Batting: RHB John Williams 0-0: Ball
1-0: Ball
2-0: Ball
3-0: Base on Balls
Batting: RHB Jason Dunn 0-0: Called Strike
0-1: Called Strike
0-2: SINGLE (Groundball, 6)
António Montés scores
John Williams to second
Batting: LHB Greg Robinson 0-0: Foul Ball, location: 2F
0-1: Ball
1-1: Swinging Strike
1-2: Ball
2-2: Ball
3-2: Foul Ball, location: 2F
3-2: Fly out, F8 (Flyball, 8LS)
Top of the 4th over - 4 run(s), 4 hit(s), 0 error(s), 2 left on base; Athletic Club KC Academy 5 - San Bernardino 0
BOTTOM OF THE 4TH
San Bernardino Grasshoppers batting - Pitching for Athletic Club KC Academy : RHP Severiano Duclos
Batting: RHB Andrew Floyd 0-0: Called Strike
0-1: Ball
1-1: Swinging Strike
1-2: Fly out, F9 (Line Drive, 9M)
Batting: RHB Cal Robinson 0-0: Ground out 5-3 (Groundball, 5S)
Batting: RHB Dale O'Sullivan 0-0: Fly out, F3 (Popup, 23F)
Bottom of the 4th over - 0 run(s), 0 hit(s), 0 error(s), 0 left on base; Athletic Club KC Academy 5 - San Bernardino 0
TOP OF THE 5TH
Athletic Club KC Academy batting - Pitching for San Bernardino Grasshoppers : LHP Harvey Richards
Batting: RHB Jorge Rodríguez 0-0: Called Strike
0-1: Ball
1-1: Fly out, F9 (Flyball, 89M)
Batting: RHB Glenn Woods 0-0: Fly out, F9 (Flyball, 89M)
Batting: SHB Don Holmes 0-0: Foul Ball, location: 2F
0-1: Hit by Pitch
Pitching: LHP Eric Baxter
Batting: RHB Mike Lovell 0-0: Called Strike
0-1: Ball
1-1: Ball
2-1: Fly out, F8 (Flyball, 8LM)
Top of the 5th over - 0 run(s), 0 hit(s), 0 error(s), 1 left on base; Athletic Club KC Academy 5 - San Bernardino 0
BOTTOM OF THE 5TH
San Bernardino Grasshoppers batting - Pitching for Athletic Club KC Academy : RHP Severiano Duclos
Batting: RHB Frank Collins 0-0: Ball
1-0: Swinging Strike
1-1: Called Strike
1-2: Fly out, F8 (Flyball, 8RS)
Batting: RHB Justin Roberts 0-0: Called Strike
0-1: Fly out, F9 (Flyball, 89S)
Batting: SHB Bernardo Hernández 0-0: Called Strike
0-1: Ball
1-1: Ball
2-1: Called Strike
2-2: Ball
3-2: Strikes out swinging
Bottom of the 5th over - 0 run(s), 0 hit(s), 0 error(s), 0 left on base; Athletic Club KC Academy 5 - San Bernardino 0
TOP OF THE 6TH
Athletic Club KC Academy batting - Pitching for San Bernardino Grasshoppers : LHP Eric Baxter
Batting: RHB Bob Curry 0-0: Ball
1-0: Ball
2-0: Called Strike
2-1: Ball
3-1: SINGLE (Flyball, 34D)
Batting: SHB António Montés 0-0: Sac Bunt - play at first, batter OUT! 3-4
Bob Curry to second
Batting: RHB John Williams 0-0: Foul Ball, location: 2F
0-1: Ball
1-1: Swinging Strike
1-2: Ball
2-2: Strikes out swinging
Batting: RHB Jason Dunn 0-0: Swinging Strike
0-1: Ball
1-1: Ground out 4-3 (Groundball, 4)
Top of the 6th over - 0 run(s), 1 hit(s), 0 error(s), 1 left on base; Athletic Club KC Academy 5 - San Bernardino 0
BOTTOM OF THE 6TH
San Bernardino Grasshoppers batting - Pitching for Athletic Club KC Academy : RHP Severiano Duclos
Batting: RHB Alfonso Enríquez 0-0: Ball
1-0: Called Strike
1-1: Ground out 1-3 (Groundball, 15)
Batting: LHB Nari Corelli 0-0: Foul Ball, location: 2F
0-1: Swinging Strike
0-2: Ball
1-2: Ground out 1-3 (Groundball, 15)
Batting: RHB Tom Christensen 0-0: Ball
1-0: Called Strike
1-1: Called Strike
1-2: Strikes out swinging
Bottom of the 6th over - 0 run(s), 0 hit(s), 0 error(s), 0 left on base; Athletic Club KC Academy 5 - San Bernardino 0
TOP OF THE 7TH
Athletic Club KC Academy batting - Pitching for San Bernardino Grasshoppers : LHP Eric Baxter
Batting: LHB Greg Robinson 0-0: Fly out, F7 (Flyball, 78M)
Batting: RHB Jorge Rodríguez 0-0: Called Strike
0-1: Ball
1-1: Swinging Strike
1-2: Foul Ball, location: 2F
1-2: SINGLE (Flyball, 8LS)
Batting: RHB Glenn Woods 0-0: Ball
1-0: Ball
2-0: Ball
3-0: Called Strike
3-1: Called Strike
3-2: Ground out 6-3 (Groundball, 56)
Jorge Rodríguez to second
Batting: SHB Don Holmes 0-0: Foul Ball, location: 2F
0-1: Foul Ball, location: 2F
0-2: Strikes out swinging
Top of the 7th over - 0 run(s), 1 hit(s), 0 error(s), 1 left on base; Athletic Club KC Academy 5 - San Bernardino 0
BOTTOM OF THE 7TH
San Bernardino Grasshoppers batting - Pitching for Athletic Club KC Academy : RHP Severiano Duclos
Batting: RHB Andrew Floyd 0-0: Ball
1-0: Ground out 6-3 (Groundball, 6)
Batting: RHB Cal Robinson 0-0: Foul Ball, location: 2F
0-1: Swinging Strike
0-2: Strikes out swinging
Batting: RHB Dale O'Sullivan 0-0: Ball
1-0: Ball
2-0: Called Strike
2-1: Ball
3-1: Base on Balls
Batting: RHB Frank Collins 0-0: Called Strike
0-1: Reached on error, E5 (Groundball, 56)
Dale O'Sullivan to second
Batting: RHB Justin Roberts 0-0: Called Strike
0-1: Ball
1-1: Foul Ball, location: 2F
1-2: Foul Ball, location: 2F
1-2: Fly out, F6 (Popup, 6S)
Bottom of the 7th over - 0 run(s), 0 hit(s), 1 error(s), 2 left on base; Athletic Club KC Academy 5 - San Bernardino 0
TOP OF THE 8TH
Athletic Club KC Academy batting - Pitching for San Bernardino Grasshoppers : LHP Eric Baxter
Batting: RHB Mike Lovell 0-0: Ball
1-0: Ball
2-0: Foul Ball, location: 2F
2-1: SINGLE (Line Drive, 4MD)
Batting: RHB Bob Curry 0-0: Sac Bunt - play at first, batter OUT! 1-4
Mike Lovell to second
Batting: SHB António Montés 0-0: Ground out 4-3 (Groundball, 4M)
Mike Lovell to third
Batting: RHB John Williams 0-0: Ball
1-0: Foul Ball, location: 2F
1-1: Foul Ball, location: 2F
1-2: Ball
2-2: SINGLE (Groundball, 6MD)
Mike Lovell scores
Batting: RHB Jason Dunn 0-0: Called Strike
0-1: Called Strike
0-2: Foul Ball, location: 2F
0-2: Ball
1-2: Ball
2-2: Foul Ball, location: 2F
2-2: Foul Ball, location: 2F
2-2: Strikes out looking
Top of the 8th over - 1 run(s), 2 hit(s), 0 error(s), 1 left on base; Athletic Club KC Academy 6 - San Bernardino 0
BOTTOM OF THE 8TH
San Bernardino Grasshoppers batting - Pitching for Athletic Club KC Academy : RHP Severiano Duclos
Batting: SHB Bernardo Hernández 0-0: Called Strike
0-1: SINGLE (Groundball, 34)
Batting: RHB Alfonso Enríquez 0-0: Called Strike
0-1: Ball
Wild Pitch!
Bernardo Hernández to second
1-1: SINGLE (Line Drive, 56D)
Bernardo Hernández to third
Batting: LHB Nari Corelli 0-0: Swinging Strike
0-1: Ball
1-1: Called Strike
1-2: Strikes out swinging
Batting: RHB Tom Christensen 0-0: Ball
1-0: Called Strike
1-1: Called Strike
1-2: Strikes out swinging
Batting: RHB Andrew Floyd 0-0: 3-RUN HOME RUN (Flyball, 78XD), Distance : 423 ft
Batting: RHB Cal Robinson Single, Error in OF, E7, batter to second base
Batting: RHB Dale O'Sullivan 0-0: SINGLE (Flyball, 56D)
Cal Robinson to third
Runner from 3rd tries for Home, SAFE, no throw or cutoff
Batting: RHB Frank Collins 0-0: Ball
1-0: Ball
2-0: Called Strike
2-1: Foul Ball, location: 2F
2-2: Fly out, F7 (Flyball, 78S)
Bottom of the 8th over - 4 run(s), 5 hit(s), 1 error(s), 1 left on base; Athletic Club KC Academy 6 - San Bernardino 4
TOP OF THE 9TH
Athletic Club KC Academy batting - Pitching for San Bernardino Grasshoppers : LHP Eric Baxter
Batting: LHB Greg Robinson 0-0: Ball
1-0: Ball
2-0: Called Strike
2-1: Foul Ball, location: 2F
2-2: Foul Ball, location: 2F
2-2: Ball
3-2: Fly out, F8 (Flyball, 8LM)
Batting: RHB Jorge Rodríguez 0-0: Ground out 6-3 (Groundball, 6)
Batting: RHB Glenn Woods 0-0: Ball
1-0: Fly out, F6 (Popup, 5DF)
Top of the 9th over - 0 run(s), 0 hit(s), 0 error(s), 0 left on base; Athletic Club KC Academy 6 - San Bernardino 4
BOTTOM OF THE 9TH
San Bernardino Grasshoppers batting - Pitching for Athletic Club KC Academy : RHP Severiano Duclos
Batting: RHB Justin Roberts 0-0: Called Strike
0-1: Ball
1-1: Fly out, F9 (Flyball, 9M)
Batting: SHB Bernardo Hernández 0-0: Called Strike
0-1: SINGLE (Line Drive, 6D)
Pitching: RHP Alfonso Álvarez
Pinch Hitting: LHB Dave Harris 0-0: Ground out 4-3 (Groundball, 4M)
Bernardo Hernández to second
Batting: LHB Nari Corelli 0-0: Called Strike
0-1: Foul Ball, location: 2F
0-2: Foul Ball, location: 2F
0-2: Ball
1-2: 2-RUN HOME RUN (Flyball, 89XD), Distance : 413 ft
Batting: RHB Tom Christensen 0-0: Called Strike
0-1: Foul Ball, location: 2F
0-2: Ball
1-2: Strikes out swinging
Bottom of the 9th over - 2 run(s), 2 hit(s), 0 error(s), 0 left on base; Athletic Club KC Academy 6 - San Bernardino 6
TOP OF THE 10TH
Athletic Club KC Academy batting - Pitching for San Bernardino Grasshoppers : LHP Eric Baxter
Pitching: RHP Jim Unknown
Now in RF: Dave Harris
Batting: SHB Don Holmes 0-0: Called Strike
0-1: Ball
1-1: Fly out, F7 (Flyball, 7M)
Batting: RHB Mike Lovell 0-0: Foul Ball, location: 2F
0-1: Foul Ball, location: 2F
0-2: Ball
1-2: Strikes out looking
Pinch Hitting: LHB José Durán 0-0: Called Strike
0-1: Called Strike
0-2: Foul Ball, location: 2F
0-2: Foul Ball, location: 2F
0-2: Ball
1-2: SINGLE (Groundball, 13) (infield hit)
Pinch Hitting: LHB Jim Unknown 0-0: Foul Ball, location: 2F
0-1: Called Strike
0-2: Ground out 5-3 (Groundball, 15S)
Top of the 10th over - 0 run(s), 1 hit(s), 0 error(s), 1 left on base; Athletic Club KC Academy 6 - San Bernardino 6
BOTTOM OF THE 10TH
San Bernardino Grasshoppers batting - Pitching for Athletic Club KC Academy : RHP Alfonso Álvarez
Now at 3B: José Durán
Now in LF: Jim Unknown
Batting: RHB Andrew Floyd 0-0: Ball
1-0: Ball
2-0: Ball
3-0: Called Strike
3-1: Ground out 1-3 (Groundball, 15)
Batting: RHB Cal Robinson 0-0: Foul Ball, location: 2F
0-1: Swinging Strike
0-2: Ground out 4-3 (Groundball, 4)
Pinch Hitting: LHB Roberto Marino 0-0: Ball
1-0: Ball
2-0: Ball
3-0: Called Strike
3-1: Foul Ball, location: 2F
3-2: Ground out 4-3 (Groundball, 4)
Bottom of the 10th over - 0 run(s), 0 hit(s), 0 error(s), 0 left on base; Athletic Club KC Academy 6 - San Bernardino 6
TOP OF THE 11TH
Athletic Club KC Academy batting - Pitching for San Bernardino Grasshoppers : RHP Jim Unknown
Now at 3B: Cecil Cole
Batting: RHB John Williams 0-0: Called Strike
0-1: Called Strike
0-2: Ball
1-2: Ball
2-2: SINGLE (Groundball, 56)
Batting: RHB Jason Dunn 0-0: Ball
1-0: SINGLE (Line Drive, 56)
John Williams to second
Pinch Runner at 2nd Frank Church:
Batting: LHB Greg Robinson 0-0: Called Strike
0-1: Ball
1-1: Foul Ball, location: 2F
1-2: Foul Ball, location: 2F
1-2: Foul Ball, location: 2F
1-2: Ball
2-2: SINGLE (Groundball, 6M)
Frank Church to third
Jason Dunn to second
Pinch Hitting: RHB Ellis Martin 0-0: Foul Ball, location: 2F
0-1: Ball
1-1: Called Strike
1-2: Fly out, F8 (Flyball, 89D)
Runner from 3rd tags up, SCORES, no throw
Jason Dunn to third
Pitching: RHP Richard Brown
Batting: RHB Glenn Woods 0-0: Called Strike
0-1: Ball
Greg Robinson steals 2nd base
1-1: Swinging Strike
1-2: Strikes out swinging
Batting: SHB Don Holmes 0-0: Called Strike
0-1: Ball
1-1: Ground out 5-3 (Groundball, 5)
Top of the 11th over - 1 run(s), 3 hit(s), 0 error(s), 2 left on base; Athletic Club KC Academy 7 - San Bernardino 6
BOTTOM OF THE 11TH
San Bernardino Grasshoppers batting - Pitching for Athletic Club KC Academy : RHP Alfonso Álvarez
Now at C: Ellis Martin
Now in RF: Chris Smith
Pinch Hitting: RHB Arlen King 0-0: Ball
1-0: Ball
2-0: Fly out, F7 (Flyball, 7LD)
Pinch Hitting: RHB Bryan Armstrong 0-0: Ball
1-0: Called Strike
1-1: Ball
2-1: Foul Ball, location: 2F
2-2: SINGLE (Line Drive, 8LS)
Batting: SHB Bernardo Hernández 0-0: Ball
1-0: Swinging Strike
1-1: Foul Ball, location: 2F
1-2: Strikes out swinging
Batting: LHB Dave Harris Single, Error in OF, E9, batter to second base
Bryan Armstrong to third
Batting: LHB Nari Corelli 0-0: Called Strike
0-1: Ball
1-1: Ball
2-1: 3-RUN HOME RUN (Flyball, 9D), Distance : 389 ft
This league is powered by Out of the Park Baseball, the baseball management simulation game for PC, Mac and Linux
Friday, January 22nd, 2016 - OOTP Baseball 16.9 Build 39